 Dungeon Crawl Stone Soup version 0.18-a0-1157-g59db91b (webtiles) character file.

945 st0uf the Shield-Bearer (level 8, -6/48 HPs)
             Began as a Gargoyle Fighter on Jan 23, 2016.
             Killed by divine providence
             ... invoked by an orc priest
              (13 damage)
             ... on level 6 of the Dungeon.
             The game lasted 00:21:35 (4133 turns).

st0uf the Shield-Bearer (Gargoyle Fighter)          Turns: 4133, Time: 00:21:35

Health: -6/48      AC: 15    Str: 19      XL:     8   Next: 13%
Magic:  8/8        EV:  9    Int: 10      God:    Xom [*.....]
Gold:   114        SH:  9    Dex:  9 (11) Spells: 0 memorised, 7 levels left

rFire  . . .     SeeInvis .     a - +0 flail
rCold  . . .     Gourm    .     z - +0 scale mail
rNeg   + . .     Faith    .     c - +0 shield
rPois  ∞         Spirit   .     (no helmet)
rElec  +         Dismiss  .     B - +0 cloak
rCorr  .         Reflect  .     G - +0 pair of gloves
SustAt .         Harm     .     (no boots)
MR     .....                    (no amulet)
Stlth  +.........               (no ring)
                                x - ring of stealth

@: not resistant to hostile enchantments, very unstealthy
A: negative energy resistance 1, electricity resistance, unbreathing,
petrification resistance, rot immunity, AC +5
a: Renounce Religion


You were on level 6 of the Dungeon.
You worshipped Xom.
You were a special plaything of Xom.
You were not hungry.

You visited 1 branch of the dungeon, and saw 6 of its levels.

You collected 174 gold pieces.
You spent 60 gold pieces at shops.

Inventory:

Hand Weapons
 a - a +0 flail (weapon)
Missiles
 r - 7 javelins (quivered)
Armour
 c - a +0 shield (worn)
 z - a +0 scale mail (worn)
 B - a +0 cloak (worn)
 G - a +0 pair of gloves (worn)
Jewellery
 x - a ring of stealth (left hand)
 C - an uncursed ring of teleportation
Wands
 I - a wand of confusion (21/48)
Scrolls
 e - a scroll of enchant armour {unknown}
 g - a scroll of teleportation {unknown}
 h - a scroll of enchant weapon {unknown}
 l - a scroll of remove curse
 m - 7 scrolls of identify
 n - a scroll of magic mapping {unknown}
 o - 4 scrolls of noise
 p - a scroll of amnesia {unknown}
 q - 2 scrolls of immolation
 v - a scroll of recharging
 y - a scroll of fear {unknown}
 E - a scroll of random uselessness {unknown}
Potions
 d - 5 potions of might
 j - 4 potions of brilliance {unknown}
 k - 6 potions of curing {unknown}
 u - a potion of heal wounds {unknown}
 A - 2 potions of poison {unknown}
 F - a potion of ambrosia {unknown}
 H - a potion of beneficial mutation {unknown}
 J - a potion of haste {unknown}
Comestibles
 b - a meat ration
 f - 5 bread rations
 i - a slice of pizza
 s - a beef jerky
 t - a fruit
 w - a royal jelly
 D - a chunk of flesh


   Skills:
 + Level 4.7 Fighting
 + Level 4.3 Maces & Flails
 + Level 5.5 Armour
 + Level 3.5 Dodging
 + Level 0.8 Stealth
 + Level 5.7 Shields


You had 7 spell levels left.
You didn't know any spells.

Dungeon Overview and Level Annotations

Branches:
Dungeon (6/15)
 Temple: D:4-7

Altars:
Cheibriados
Dithmenos
Okawaru
Qazlal
Xom

Shops:
D:4 %   D:5 ?

Annotations:
D:6 Eustachio


Innate Abilities, Weirdness & Mutations

You are resistant to torment.
Your stone body is resilient (AC +5).
You are immune to poison.
You resist negative energy.
You are resistant to electric shocks.
You can survive without breathing.
You are immune to petrification.
You are immune to rotting.


Message History

You emit a cloud of colourful smoke!
Unknown command.
You hit the orc priest but do no damage.
The orc priest hits you but does no damage.
The orc priest barely misses you.
You hit the orc priest.
The orc priest is lightly wounded.
The orc priest hits you but does no damage.
The orc priest barely misses you.
You hit the orc priest.
The orc priest is moderately wounded.
You block the orc priest's attack.
The orc priest calls down the wrath of Beogh upon you.
Pain shoots through your body!
* * * LOW HITPOINT WARNING * * *
You block the orc priest's attack.
The orc priest mumbles some strange prayers to Beogh against you.
Something smites you!
You die...
Xom snickers!

####.####
#...#
###.#
###.###
#.....#
#.#.#.#
#...#.#
#.###§#
#...§@# M
#....oo#
#.####o#
#. .. .##
.# o o.#
##


You could see 3 orc priests.

Vanquished Creatures
  Duvessa (D:4)
  An ogre (D:4)
  Dowan (D:4)
  2 scorpions
  A jelly (D:6)
  2 hounds
  A giant frog skeleton (D:6)
  2 worker ants
  Natasha (thrice) (D:4)
  3 iguanas
  An orc wizard (D:5)
  A worker ant zombie (D:6)
  9 adders
  An ooze (D:3)
  An adder skeleton (D:5)
  4 worms (D:4)
  4 giant geckos
  9 orcs
  3 bats
  A giant cockroach (D:2)
  4 goblins
  9 hobgoblins
  9 jackals
  9 kobolds
  4 quokkas
  4 ball pythons
  5 giant newts
  9 rats
104 creatures vanquished.

Vanquished Creatures (collateral kills)
  The ghost of Azzok the Firebug, an amateur DEFE (D:4)
1 creature vanquished.

Grand Total: 105 creatures vanquished

Notes
Turn   | Place    | Note
--------------------------------------------------------------
     0 | D:1      | st0uf the Gargoyle Fighter began the quest for the Orb.
     0 | D:1      | Reached XP level 1. HP: 14/14 MP: 1/1
   171 | D:1      | Reached XP level 2. HP: 17/19 MP: 2/2
   668 | D:1      | Reached skill level 4 in Armour
   723 | D:1      | Reached XP level 3. HP: 23/23 MP: 3/3
  1107 | D:2      | Found a snail-covered altar of Cheibriados.
  1161 | D:2      | Found a shimmering altar of Xom.
  1161 | D:2      | Found a shimmering altar of Xom.
  1161 | D:2      | Found a shimmering altar of Xom.
  1161 | D:2      | Found a shimmering altar of Xom.
  1161 | D:2      | Found a shimmering altar of Xom.
  1191 | D:2      | Reached XP level 4. HP: 21/29 MP: 4/4
  1193 | D:2      | Found a shimmering altar of Xom.
  1197 | D:2      | Became a worshipper of Xom of Unknown Intention
  1561 | D:2      | XOM: silly message
  1596 | D:3      | Reached skill level 1 in Dodging
  1735 | D:3      | XOM: harmless Fire miscast
  1775 | D:3      | Reached XP level 5. HP: 27/33 MP: 5/5
  1891 | D:3      | XOM: harmless Ice miscast
  2039 | D:4      | XOM: potion effect (curing)
  2041 | D:4      | Noticed Azzok's ghost (amateur DEFE)
  2236 | D:4      | Found a stormy altar of Qazlal.
  2336 | D:4      | XOM: potion effect (might)
  2342 | D:4      | Noticed an ogre
  2352 | D:4      | Killed an ogre
  2352 | D:4      | Reached XP level 6. HP: 32/38 MP: 6/6
  2354 | D:4      | XOM: noise
  2367 | D:4      | Noticed Dowan
  2368 | D:4      | Noticed Duvessa
  2371 | D:4      | XOM: divination: detect creatures
  2373 | D:4      | XOM: noise
  2379 | D:4      | Killed Duvessa
  2386 | D:4      | Killed Dowan
  2420 | D:4      | XOM: cast spell 'Excruciating Wounds'
  2422 | D:4      | XOM: divination: detect items
  2432 | D:4      | XOM: blink monster(s)
  2440 | D:4      | XOM: summons 5 friendly demons
  2448 | D:4      | Killed Azzok's ghost
  2448 | D:4      | Reached XP level 7. HP: 20/44 MP: 7/7
  2539 | D:4      | Found Ulixik's Food Shop.
  2567 | D:4      | Noticed Natasha
  2575 | D:4      | Killed Natasha
  2575 | D:4      | Reached skill level 5 in Shields
  2622 | D:4      | Noticed Natasha
  2630 | D:4      | Killed Natasha
  2695 | D:4      | Reached skill level 5 in Armour
  2743 | D:4      | Noticed Natasha
  2759 | D:4      | Killed Natasha
  2771 | D:4      | XOM: divination: detect creatures
  2978 | D:5      | Entered Level 5 of the Dungeon
  3029 | D:5      | XOM: divination: detect items
  3077 | D:5      | Found an iron altar of Okawaru.
  3452 | D:5      | XOM: scenery: 1 doors open
  3460 | D:5      | Found a shadowy altar of Dithmenos.
  3528 | D:5      | Found Vitreatu's Magic Scroll Boutique.
  3536 | D:5      | Bought a scroll of identify for 30 gold pieces
  3536 | D:5      | Bought a scroll of identify for 30 gold pieces
  3723 | D:6      | XOM: divination: detect creatures
  3811 | D:6      | XOM: god gift: bone wand {god gift}
  3948 | D:6      | Reached XP level 8. HP: 43/48 MP: 8/8
  4028 | D:6      | Noticed Eustachio
  4041 | D:6      | XOM: summons 4 hostile demons
  4049 | D:6      | XOM: 2-stop teleportation journey
  4130 | D:6      | XOM: smoke on damage
  4133 | D:6      | Killed from afar by an orc priest

Vault maps used:
D:1:      saegor_arrival_simple_c, minmay_misc_feat_iff
D:2:      cheibriados_altar_1, xom_redecorated
D:4:      lemuel_coloured_pillars_altar, serial_shops, shop,
          grunt_ministairs_11, st_stairs_14, uniq_natasha, uniq_duvessa
D:5:      wad_pebble_path, lemuel_crystal_altar, first_bread, serial_shops,
          nicolae_shop_competitors_out_of_business, okawaru_gym_becter
D:6:      grunt_temple_overflow_bloody_war, kennysheep_mini,
          kennysheep_little_box, temple_fountains, uniq_eustachio, uniq_menkaure

Action                   |  1- 3 |  4- 6 |  7- 9 || total
-------------------------+-------+-------+-------++-------
Melee: Flail             |   146 |   181 |   259 ||   586
  Use: Scroll            |       |     4 |     1 ||     5
  Eat: Chunk             |     1 |     5 |     6 ||    12
